 Dungeon Crawl Stone Soup version 0.22-a0-246-gdc04c06 (webtiles) character file.

586962 Azzok the Merry Gargoyle (level 27, -3/298 HPs)
             Began as a Gargoyle Berserker on Feb 22, 2018.
             Was the Champion of Trog.
             Slain by a death ooze (4 damage)
             ... created by the Royal Jelly
             ... on level 5 of the Pits of Slime.
             The game lasted 02:54:11 (66376 turns).

Azzok the Merry Gargoyle (Gargoyle Berserker)      Turns: 66376, Time: 02:54:12

Health: -3/298     AC: 29    Str: 23    XL:     27
Magic:  20/23      EV:  2    Int: 20    God:    Trog [******]
Gold:   5127       SH:  0    Dex:  9    Spells: 26/26 levels left

rFire    + . .     SeeInvis .   a - +9 longbow (freeze)
rCold    + . .     Gourm    .   (shield currently unavailable)
rNeg     + + +     Faith    +   (armour currently unavailable)
rPois    ∞         Spirit   .   (helmet currently unavailable)
rElec    +         Reflect  .   (cloak currently unavailable)
rCorr    +         Harm     .   (gloves currently unavailable)
MR       +++++     NoTele   +   (boots currently unavailable)
Stlth    +.........             e - amulet of faith
HPRegen  1.59/turn              F - ring of resist corrosion
MPRegen  0.18/turn              I - ring of the Mage {Wiz MR++ Int+3}

@: tree-form, resistant, corroded, regenerating, hasted, studying
Translocations, very quick
A: negative energy resistance 1, weak 1, petrification resistance, rot immunity,
AC +20
}: 3/15 runes: serpentine, barnacled, silver
a: Berserk, Trog's Hand, Brothers in Arms, Renounce Religion


You were on level 5 of the Pits of Slime.
You worshipped Trog.
Trog was exalted by your worship.
You were not hungry.
You were a tree.
You visited 9 branches of the dungeon, and saw 49 of its levels.
You also visited: Ice Cave and Wizlab.

You collected 7651 gold pieces.
You spent 2524 gold pieces at shops.

Inventory:

Hand Weapons
 a - a +9 longbow of freezing (weapon)
 b - the +8 broad axe of Diasu {chop, *Slow MP+9 Int+3 SInv Stlth+}
   (You took it off a tengu reaver on level 5 of the Vaults)

   It inflicts extra damage upon your enemies.
   It affects your intelligence (+3).
   It affects your magic capacity (+9).
   It lets you see invisible.
   It may slow you when you take damage.
   It makes you more stealthy.
 p - the +4 rapier "Teteogg" {elec, Str+3, unknown}
   (You found it on level 5 of the Vaults)

   Occasionally, upon striking a foe, it will discharge some electrical energy
   and cause terrible harm.
   It affects your strength (+3).
Missiles
 o - 1314 arrows (quivered)
Armour
 h - the +0 helmet of the Crypt (melded) {rF+ Regen+ SInv}
   (You found it on level 3 of the Elven Halls)

   It protects you from fire.
   It lets you see invisible.
   It increases your rate of regeneration.
 l - a scarf of spirit shield (melded)
 J - a +2 pair of boots of running (melded)
 O - a +2 pair of gloves of archery (melded)
 W - +9 gold dragon scales (melded)
Jewellery
 e - an amulet of faith (around neck)
 m - an uncursed ring of fire
 w - an uncursed ring of protection from cold
 F - a ring of resist corrosion (left branch)
 I - the ring of the Mage (right branch) {Wiz MR++ Int+3}
   (You found it on level 1 of the Lair of Beasts)

   [ring of wizardry]

   It improves your spell success rate.
   It affects your intelligence (+3).
   It affects your resistance to hostile enchantments.
 V - an uncursed ring of protection from magic
 Z - an uncursed ring of protection from cold
Wands
 s - a wand of digging (7)
Scrolls
 g - 15 scrolls of remove curse
 i - 23 scrolls of teleportation
 k - a scroll of summoning
 n - 2 scrolls of enchant weapon
 q - 7 scrolls of fear
 u - 10 scrolls of magic mapping
 y - a scroll of identify
 A - 3 scrolls of immolation
 B - 10 scrolls of fog
 L - 2 scrolls of blinking
Potions
 f - 7 potions of agility
 j - 4 potions of cancellation
 r - 5 potions of magic
 t - 2 potions of lignification
 v - 6 potions of haste
 x - 3 potions of resistance
 z - 7 potions of might
 C - 12 potions of heal wounds
 E - 15 potions of curing
 G - 3 potions of ambrosia
 M - 2 potions of brilliance
 P - 3 potions of mutation {!q}
 T - 3 potions of invisibility
Books
 d - a manual of Translocations Trog disapproves of the use of such an item.
Miscellaneous
 U - 2 phantom mirrors
Comestibles
 c - 80 rations


   Skills:
 O Level 27 Fighting
   Level 2.6 Long Blades
 O Level 27 Bows
 + Level 25.5 Armour
 - Level 1.5 Dodging


You had 26 spell levels left.
You didn't know any spells.

Dungeon Overview and Level Annotations

Branches:
Dungeon (15/15)            Temple (0/1) D:7            Lair (6/6) D:8
 Shoals (4/4) Lair:4        Snake (4/4) Lair:3        Slime (5/5) Lair:6
    Orc (2/2) D:10            Elf (3/3) Orc:2        Vaults (5/5) D:14
  Crypt (0/3) Vaults:2     Depths (5/5) D:15            Zot (0/5) Depths:5

Altars:
Cheibriados
Fedhas
Kikubaaqudgha
Qazlal
Sif Muna
Uskayaw
Wu Jian
Xom
Yredelemnul
Jiyva
Lugonu

Shops:
D:7 (   D:11 (   Orc:2 ((!}   Elf:1 }   Shoals:2 [   Snake:3 }}=   Vaults:4 *
Depths:3 ?[}

Portals:
Hell: Depths:1 Depths:2 Depths:3 Depths:4 Depths:5
Abyss: Depths:1 Depths:4
Pandemonium: Depths:3
Ziggurat: Depths:2
Trove: D:13 (show slimy rune of Zot)

Annotations:
Lair:6 1 runed door
Slime:5 Royal Jelly
Elf:2 1 runed door


Innate Abilities, Weirdness & Mutations

You are resistant to torment.
((Your stone body is resilient. (AC +20)))
You are immune to poison.
((Your large and strong wings let you fly indefinitely.))
You resist negative energy. (rN+)
((You are resistant to electric shocks. (rElec)))
((You can survive without breathing.))
You are immune to petrification.
You are immune to rotting.
You are weak. (Str -2)


Message History

Firing (i - inventory)
o - 1314 arrows (quivered)
Press: ? - help, Shift-Dir - straight line, f/p - Royal Jelly
Aim: the Royal Jelly (almost dead, inner flame)
Okay, then.
You cannot blink because you are held in place by your roots.
You feel much better.
The death ooze hits you but does no damage.
The death ooze hits you!
* * * LOW HITPOINT WARNING * * *
The azure jelly hits you!
* * * LOW HITPOINT WARNING * * *
The azure jelly freezes you! You resist.
* * * LOW HITPOINT WARNING * * *
The azure jelly hits you but does no damage. x3
The acid blob spits acid at you. The splash of acid hits you!
You are splashed with acid!
The acid burns!
You resist.
* * * LOW HITPOINT WARNING * * *
The death ooze hits you.
You die...

·········▒▒ ▒··▒ ▒········
··········▒▒ ▒▒·▒ ▒▒▒········
···········▒ ▒··▒ ▒▒··········
···········▒▒▒▒▒·▒▒▒▒▒···········
··············▒··▒·▒·▒···········
·································
·············J·JJ················
·············JJJJJ···············
·············JJJ♣J···············
·············JJJJJ···············
··············J·J················
·································
·································
·································
··^······························
·································
·································


You could see the Royal Jelly (inner flame), 7 acid blobs, 6 azure jellies and 5
death oozes.

Vanquished Creatures
  Mara (Shoals:3)
  2 ancient liches (Vaults:5)
  5 juggernauts
  Boris (twice) (Vaults:2)
  Frederick (Vaults:2)
  7 caustic shrikes
  Bai Suzhen (Shoals:4)
  Xtahua (Vaults:3)
  8 golden dragons
  A profane servitor (WizLab)
  Rupert (D:15)
  Jorgrun (Depths:4)
  A tentacled monstrosity (Vaults:5)
  3 liches
  The ghost of p0werm0de the Black Belt, an adept OpGl of Makhleb (Vaults:5)
  5 titans
  2 deep elf blademasters (Elf:3)
  3 quicksilver dragons
  2 deep elf master archers (Elf:3)
  7 acid blobs
  2 krakens (Shoals:2)
  An eldritch tentacle (WizLab)
  Frances (Shoals:1)
  2 storm dragons
  Gastronok (D:9)
  8 sphinxes
  5 tengu reavers
  3 shadow dragons (Vaults:5)
  Roxanne (D:15)
  2 azure jellies (Slime:5)
  5 nagarajas
  11 deep elf sorcerers
  3 iron dragons
  8 vault wardens
  9 frost giants
  10 fire giants
  A frost giant (shapeshifter) (Vaults:5)
  4 ghouls (D:13)
  Aizul (Snake:3)
  A draconian scorcher (Depths:5)
  A draconian stormcaller (Depths:5)
  5 deep elf elementalists
  32 very ugly things
  3 spriggan defenders
  4 entropy weavers
  4 war gargoyles (Vaults:5)
  28 stone giants
  12 ironheart preservers
  A juggernaut skeleton (Depths:1)
  A white draconian (Depths:5)
  9 deep elf demonologists
  7 deep elf annihilators (Elf:3)
  4 black draconians (Depths:5)
  12 spark wasps
  A red draconian (Depths:5)
  13 ettins
  A minotaur (shapeshifter) (Vaults:5)
  2 yellow draconians (Depths:5)
  11 crystal guardians (Depths:4)
  4 merfolk javelineers
  A blizzard demon (WizLab)
  8 merfolk impalers
  Josephine (D:14)
  2 death oozes
  16 yaktaur captains
  3 deep elf high priests
  17 great orbs of eyes
  6 deep elf death magi
  8 fire dragons
  10 ice dragons
  20 naga warriors
  28 vault guards
  8 rakshasas
  5 hydras
  3 spriggan air magi
  3 death knights
  30 anacondas
  17 centaur warriors
  13 deep troll shamans
  5 merfolk aquamancers
  A merfolk avatar (Shoals:4)
  A queen ant (Lair:5)
  21 two-headed ogres
  5 tengu warriors
  5 spriggan berserkers
  35 dancing weapons
  A death yak (D:10)
  A satyr (Shoals:2)
  3 ogre magi
  12 naga sharpshooters
  2 alligator snapping turtles
  12 deep troll earth magi
  4 orc high priests
  21 deep elf knights
  3 shock serpents
  Nergalle (D:12)
  Sonja (D:14)
  2 soul eaters
  A storm dragon zombie (Depths:1)
  A shadow wraith (Vaults:4)
  5 salamander mystics
  A skeletal warrior (D:13)
  5 iron trolls
  5 hell knights
  30 deep trolls
  3 unseen horrors
  8 wizards
  17 sea snakes
  4 glowing orange brains
  The ghost of xccam the Covert, a novice FeMo of Ru (D:11)
  3 flayed ghosts
  8 naga ritualists
  A tengu zombie (Vaults:3)
  10 ironbrand convokers
  An obsidian statue (WizLab)
  An orange crystal statue (Depths:4)
  13 mana vipers
  A phantasmal warrior (Vaults:5)
  16 deep elf archers
  2 necromancers
  2 human zombies
  41 ugly things
  20 harpies
  A fire giant zombie (Vaults:3)
  A lindwurm (Lair:6)
  12 orc knights
  An oklob plant (Orc:1)
  A salamander (shapeshifter) (Elf:1)
  8 salamanders
  2 shining eyes
  A wolf spider (shapeshifter) (D:15)
  2 wolf spiders
  A mana viper (shapeshifter) (Elf:3)
  6 orc sorcerers
  9 cyclopes
  12 fauns
  55 slime creatures
  71 deep elf magi
  13 manticores
  2 worldbinders (WizLab)
  A frost giant zombie (Depths:1)
  11 merfolk sirens
  6 water nymphs
  A frost giant skeleton (Vaults:3)
  15 naga magi
  14 guardian serpents
  An orange demon (WizLab)
  7 torpor snails (Lair:6)
  Joseph (D:10)
  43 black mambas
  4 elephants (Lair:4)
  4 eyes of devastation
  2 ice statues (IceCv)
  A rust devil (Depths:4)
  A spiny frog (shapeshifter) (D:13)
  A torpor snail (shapeshifter) (Vaults:4)
  2 gargoyles
  12 vault sentinels
  7 komodo dragons
  4 centaur skeletons
  A rime drake (shapeshifter) (D:14)
  6 spiny frogs
  An efreet (D:14)
  A redback zombie (D:15)
  29 yaktaurs
  6 ice devils
  2 demonic crawlers (WizLab)
  A yaktaur (shapeshifter) (Depths:4)
  9 freezing wraiths
  2 rime drakes
  An ancient zyme (WizLab)
  A komodo dragon (shapeshifter) (Depths:1)
  2 red devils
  5 tengu conjurers
  A hellwing (WizLab)
  A jumping spider (Vaults:4)
  A queen bee (Lair:1)
  30 merfolk
  8 wind drakes
  2 trolls (shapeshifter)
  8 trolls
  4 tyrant leeches (Lair:6)
  10 hornets
  A polar bear (shapeshifter) (Depths:3)
  A merfolk (shapeshifter) (Depths:4)
  12 polar bears
  A jumping spider (shapeshifter) (Depths:4)
  A dream sheep (shapeshifter) (Vaults:5)
  20 blink frogs
  3 raiju (Lair:6)
  A hornet (shapeshifter) (Vaults:2)
  A hippogriff (shapeshifter) (Depths:4)
  A meliai zombie (D:13)
  9 hippogriffs
  10 dream sheep
  17 snapping turtles
  An ice dragon skeleton (WizLab)
  2 centaur simulacra (D:14)
  A stone giant simulacrum (Vaults:3)
  3 redbacks
  A human simulacrum (Vaults:3)
  A shapeshifter (Vaults:4)
  A tarantella (Vaults:5)
  4 spriggans
  A spriggan (shapeshifter) (Vaults:4)
  An air elemental (WizLab)
  An ettin skeleton (Depths:1)
  2 vampires (D:13)
  5 wraiths
  5 golden eyes (Slime:1)
  19 water elementals
  5 basilisks
  5 wyverns
  87 yaks
  4 fire elementals
  2 swamp worms (shapeshifter)
  7 vampire mosquitoes
  8 wargs
  An insubstantial wisp (WizLab)
  45 nagas
  14 soldier ants
  5 spatial vortices (WizLab)
  4 acid dragons
  14 hell hounds
  21 water moccasins
  14 porcupines
  A swamp drake (D:10)
  3 sky beasts
  24 orc warriors
  2 black bears (shapeshifter)
  3 phantoms
  14 black bears
  11 ice beasts
  A necrophage (D:10)
  28 ogres
  3 boggarts (Depths:3)
  9 centaurs
  25 wolves
  A big kobold (D:14)
  9 crocodiles
  A gnoll sergeant (D:7)
  17 bullfrogs
  3 earth elementals
  A wyvern skeleton (D:12)
  6 scorpions
  29 killer bees
  5 wights (D:13)
  A howler monkey (D:13)
  2 electric eels (D:6)
  8 crimson imps
  3 centaur zombies
  3 bullfrog zombies (D:13)
  22 orc priests
  5 hounds
  A jelly (D:13)
  16 orc wizards
  2 bullfrog skeletons
  A gnoll shaman (D:9)
  Natasha (twice) (D:3)
  35 worker ants
  2 hound zombies
  A hound skeleton (D:10)
  2 mummies (D:13)
  Robin (D:3)
  4 worker ant zombies
  3 gnolls (D:9)
  A howler monkey skeleton (D:7)
  20 adders
  5 shadow imps
  9 white imps
  7 ufetubi
  2 oozes
  2 adder skeletons
  An adder zombie (D:7)
  2 worms
  2 dart slugs
  4 leopard geckos
  80 orcs
  10 bats
  4 giant cockroaches
  13 hobgoblins
  16 jackals
  5 ball pythons
  10 frilled lizards
  11 goblins
  10 kobolds
  2 leopard gecko skeletons
  5 rats
  A crawling corpse (Elf:3)
  3 fungi
  6 plants
  4 tentacles (Shoals:2)
2199 creatures vanquished.

Vanquished Creatures (collateral kills)
  Sojobo (Vaults:3)
  Agnes (Snake:3)
  Ilsuiw (Shoals:4)
  Donald (Elf:1)
  A fire giant (Vaults:5)
  A vault warden (Vaults:5)
  A deep elf demonologist (Vaults:5)
  A merfolk javelineer (Shoals:4)
  3 merfolk impalers (Shoals:4)
  A merfolk siren (Shoals:4)
  An air elemental (Elf:1)
  An ogre (Elf:1)
14 creatures vanquished.

Vanquished Creatures (others)
  A centaur warrior (D:15)
  A necromancer (Depths:2)
  A blink frog (WizLab)
  A centaur simulacrum (D:14)
  An orc wizard (D:10)
  2 white imps (IceCv)
  6 ufetubi (IceCv)
  A crawling corpse (Elf:3)
  7 fungi
  42 plants
  12 tentacles (Shoals:2)
75 creatures vanquished.

Grand Total: 2288 creatures vanquished

Notes
Turn   | Place    | Note
-------+----------+-------------------------------------------
     0 | D:1      | Azzok the Gargoyle Berserker began the quest for the Orb.
     0 | D:1      | Reached XP level 1. HP: 14/14 MP: 1/1
   122 | D:1      | Reached XP level 2. HP: 18/20 MP: 2/2
   412 | D:1      | Reached XP level 3. HP: 22/24 MP: 3/3
   418 | D:1      | Reached ** piety under Trog
   713 | D:2      | Found a shimmering altar of Xom.
   794 | D:2      | Reached skill level 5 in Fighting
  1067 | D:2      | Found a snail-covered altar of Cheibriados.
  1067 | D:2      | Found a hide-covered altar of Uskayaw.
  1079 | D:2      | Reached XP level 4. HP: 31/31 MP: 4/4
  1512 | D:3      | Found a stormy altar of Qazlal.
  1537 | D:3      | Noticed Robin
  1563 | D:3      | Killed Robin
  1564 | D:3      | Reached *** piety under Trog
  1660 | D:3      | Reached XP level 5. HP: 24/36 MP: 5/5
  1833 | D:3      | Noticed Natasha
  1842 | D:3      | Killed Natasha
  2230 | D:3      | Noticed Natasha
  2250 | D:3      | Killed Natasha
  2250 | D:3      | Reached XP level 6. HP: 44/44 MP: 6/6
  3162 | D:5      | Entered Level 5 of the Dungeon
  3325 | D:5      | Reached XP level 7. HP: 47/50 MP: 7/7
  3653 | D:5      | Reached **** piety under Trog
  4019 | D:5      | Found an ornate altar of the Wu Jian Council.
  4255 | D:6      | Reached skill level 10 in Fighting
  4262 | D:6      | Reached XP level 8. HP: 42/57 MP: 8/8
  5165 | D:7      | Found a staircase to the Ecumenical Temple.
  5182 | D:7      | Found Noutoteg's Antique Weapon Emporium.
  5318 | D:7      | Bought a glowing shortbow for 156 gold pieces
  5477 | D:7      | Found a blossoming altar of Fedhas.
  5531 | D:7      | Reached skill level 1 in Bows
  5601 | D:7      | Reached XP level 9. HP: 65/65 MP: 9/9
  6172 | D:7      | Received a gift from Trog
  6761 | D:8      | Noticed a two-headed ogre
  6769 | D:8      | Killed a two-headed ogre
  6769 | D:8      | Reached skill level 5 in Bows
  6966 | D:8      | Reached XP level 10. HP: 73/73 MP: 10/10
  7382 | D:8      | Found a staircase to the Lair.
  8066 | D:9      | Noticed Gastronok
  8082 | D:9      | Killed Gastronok
  8082 | D:9      | Reached ***** piety under Trog
  8082 | D:9      | Reached XP level 11. HP: 49/80 MP: 11/11
  8244 | D:9      | Noticed a two-headed ogre
  8251 | D:9      | Killed a two-headed ogre
  8483 | D:9      | Received a gift from Trog
  8483 | D:9      | Reached skill level 15 in Fighting
  8732 | D:9      | Got a twisted cloak
  8733 | D:9      | Identified the +1 cloak "Qudelurph" {+Inv Dex+3} (You found it on level 9 of the Dungeon)
  8954 | D:10     | Entered Level 10 of the Dungeon
  8967 | D:10     | Reached skill level 10 in Bows
  9427 | D:10     | Killed an unseen horror
  9634 | D:10     | Found a staircase to the Orcish Mines.
  9638 | D:10     | Noticed a two-headed ogre
  9667 | D:10     | Killed a two-headed ogre
 10146 | D:10     | Noticed Joseph
 10161 | D:10     | Noticed a death yak
 10175 | D:10     | Received a gift from Trog
 10177 | D:10     | Killed a death yak
 10177 | D:10     | Reached XP level 12. HP: 68/88 MP: 12/12
 10207 | D:10     | Killed Joseph
 10248 | D:10     | Received a gift from Trog
 10253 | D:10     | Got an encrusted longbow {god gift}
 10254 | D:10     | Identified the +1 longbow of Trog's Whim {venom, Dex+5} (Trog gifted it to you on level 10 of the Dungeon)
 10787 | D:11     | Noticed a two-headed ogre
 10793 | D:11     | Killed a two-headed ogre
 10898 | D:11     | Found Pesileps's Antique Weapon Boutique.
 11007 | D:11     | Noticed xccam's ghost (novice FeMo)
 11019 | D:11     | Killed xccam's ghost
 11048 | D:11     | Noticed a two-headed ogre
 11056 | D:11     | Killed a two-headed ogre
 11892 | D:12     | Noticed a four-headed hydra
 11902 | D:12     | Killed a four-headed hydra
 12128 | D:12     | Noticed Nergalle
 12135 | D:12     | Killed Nergalle
 12614 | Lair:1   | Entered Level 1 of the Lair of Beasts
 12614 | Lair:1   | Found the ring of the Mage {Wiz MR++ Int+3}
 12614 | Lair:1   | Noticed a seven-headed hydra
 12620 | Lair:1   | Killed a seven-headed hydra
 12620 | Lair:1   | Reached XP level 13. HP: 96/96 MP: 13/13
 12733 | Lair:1   | Received a gift from Trog
 12833 | Lair:1   | Found a frozen archway.
 12862 | IceCv    | Entered an ice cave
 13337 | IceCv    | Noticed a reaper
 14921 | Lair:2   | Reached skill level 15 in Bows
 15674 | Lair:1   | Received a gift from Trog
 15972 | Lair:3   | Found a staircase to the Snake Pit.
 17135 | Lair:4   | Gained mutation: Your large and strong wings let you fly indefinitely. [Gargoyle growth]
 17135 | Lair:4   | Reached XP level 14. HP: 55/102 MP: 9/14
 17360 | Lair:4   | Found a staircase to the Shoals.
 18234 | Lair:5   | Received a gift from Trog
 18407 | Lair:5   | Noticed an entropy weaver
 18417 | Lair:5   | Killed an entropy weaver
 18445 | Lair:5   | Noticed an entropy weaver
 18552 | Lair:5   | Received a gift from Trog
 18602 | Lair:5   | Killed an entropy weaver
 19361 | Lair:6   | Entered Level 6 of the Lair of Beasts
 19371 | Lair:6   | Received a gift from Trog
 19716 | Lair:6   | Found a runed door.
 19914 | Lair:6   | Received a gift from Trog
 20249 | Lair:6   | Found a viscous altar of Jiyva.
 20250 | Lair:6   | Found a staircase to the Slime Pits.
 20458 | Lair:6   | Received a gift from Trog
 20591 | Lair:6   | Reached XP level 15. HP: 86/107 MP: 15/15
 20713 | Lair:6   | Received a gift from Trog
 21599 | D:13     | Found a portal to a secret trove of treasure.
 21815 | D:13     | Noticed a ghoul
 21815 | D:13     | Noticed a ghoul
 21830 | D:13     | Killed a ghoul
 21840 | D:13     | Killed a ghoul
 22048 | D:13     | Noticed a ghoul
 22062 | D:13     | Killed a ghoul
 22258 | D:13     | Noticed a ghoul
 22268 | D:13     | Killed a ghoul
 22722 | D:13     | Received a gift from Trog
 23143 | D:13     | Reached ****** piety under Trog
 23449 | D:14     | Noticed Sonja
 23461 | D:14     | Killed Sonja
 23531 | D:14     | Got a serpentine lapis lazuli ring
 23532 | D:14     | Identified the ring "Etocs" {AC+2 Slay+2} (You found it on level 14 of the Dungeon)
 24066 | D:14     | Received a gift from Trog
 24125 | D:14     | Found a gate to the Vaults.
 24417 | D:14     | Noticed Josephine
 24431 | D:14     | Killed Josephine
 24943 | D:14     | Reached XP level 16. HP: 107/112 MP: 14/16
 24996 | D:15     | Entered Level 15 of the Dungeon
 25327 | D:15     | Found a staircase to the Depths.
 25759 | D:15     | Noticed Rupert
 25768 | D:15     | Killed Rupert
 25779 | D:15     | Noticed Roxanne
 25977 | D:15     | Received a gift from Trog
 26255 | D:15     | Killed Roxanne
 26818 | Orc:1    | Entered Level 1 of the Orcish Mines
 27060 | Orc:2    | Entered Level 2 of the Orcish Mines
 27108 | Orc:2    | Found a staircase to the Elven Halls.
 27532 | Orc:2    | Received a gift from Trog
 27636 | Orc:2    | Found Tiym's Gadget Shop.
 27636 | Orc:2    | Found Hacs's Antique Weapon Emporium.
 27641 | Orc:2    | Found Piutak's Weapon Emporium.
 27641 | Orc:2    | Found Guurghaj's Distillery.
 27673 | Orc:2    | Bought a potion of heal wounds for 55 gold pieces
 27673 | Orc:2    | Bought a potion of heal wounds for 55 gold pieces
 27676 | Orc:2    | Bought a runed longbow for 187 gold pieces
 28343 | Snake:1  | Entered Level 1 of the Snake Pit
 29076 | Snake:1  | Received a gift from Trog
 29076 | Snake:1  | Reached XP level 17. HP: 117/117 MP: 17/17
 29345 | Snake:2  | Received a gift from Trog
 29728 | Snake:2  | Received a gift from Trog
 29794 | Snake:2  | Found a runed gate.
 29794 | Snake:2  | Found a runed gate.
 29794 | Snake:2  | Found a runed gate.
 30617 | Snake:3  | Noticed Agnes
 30620 | Snake:3  | Killed Agnes
 31299 | Snake:3  | Found Zisayjats's Jewellery Emporium.
 31299 | Snake:3  | Found Qenlupoa's Gadget Shop.
 31300 | Snake:3  | Found Yfozon's Gadget Shop.
 31307 | Snake:3  | Bought a cursed -2 ring of evasion for 30 gold pieces
 31307 | Snake:3  | Bought a cursed ring of loudness for 67 gold pieces
 31323 | Snake:3  | Noticed Aizul
 31332 | Snake:3  | Killed Aizul
 31385 | Snake:4  | Entered Level 4 of the Snake Pit
 31564 | Snake:4  | Received a gift from Trog
 31934 | Snake:4  | Reached XP level 18. HP: 123/124 MP: 18/18
 32560 | Snake:4  | Received a gift from Trog
 33059 | Snake:4  | Got a serpentine rune of Zot
 33146 | Snake:4  | Received a gift from Trog
 33398 | Lair:3   | Identified a scroll of acquirement
 33458 | Shoals:1 | Entered Level 1 of the Shoals
 33499 | Shoals:1 | Noticed Frances
 33507 | Shoals:1 | Killed Frances
 33550 | Shoals:1 | Received a gift from Trog
 33890 | Shoals:1 | Got a steaming mace
 34366 | Shoals:2 | Found Qienarph's Armour Shop.
 34878 | Shoals:2 | Found a runed door.
 34923 | Shoals:2 | Reached XP level 19. HP: 121/128 MP: 17/19
 35045 | Shoals:2 | Received a gift from Trog
 35419 | Shoals:2 | Received a gift from Trog
 35808 | Shoals:3 | Got a pair of steaming boots
 35809 | Shoals:3 | Identified the +0 pair of boots of the Eagle {rElec MR+ Regen+ Slay-4} (You found it on level 3 of the Shoals)
 35926 | Shoals:3 | Noticed Mara
 35934 | Shoals:3 | Noticed Azzok's illusion
 36282 | Shoals:3 | Killed Mara
 36777 | Shoals:4 | Entered Level 4 of the Shoals
 37140 | Shoals:4 | Received a gift from Trog
 37446 | Shoals:4 | Got a barnacled rune of Zot
 37808 | Shoals:4 | Noticed Bai Suzhen
 37835 | Shoals:4 | Killed Bai Suzhen
 38085 | Shoals:4 | Reached skill level 27 in Bows
 38104 | Shoals:4 | Noticed Ilsuiw
 38124 | Shoals:4 | Killed Ilsuiw
 38788 | Shoals:4 | Received a gift from Trog
 38933 | Shoals:4 | Reached skill level 5 in Armour
 39603 | Depths:1 | Entered Level 1 of the Depths
 40197 | Depths:1 | Got a wavering granite ring
 40198 | Depths:1 | Identified the ring "Tujuas Ixtu" {rElec Str+4 Int+2 Dex+3} (You acquired it on level 1 of the Depths)
 40272 | Vaults:1 | Entered Level 1 of the Vaults
 40318 | Vaults:1 | Reached XP level 20. HP: 136/136 MP: 20/20
 40435 | Vaults:1 | Received a gift from Trog
 41115 | Vaults:1 | Received a gift from Trog
 41517 | Vaults:2 | Received a gift from Trog
 41608 | Vaults:2 | Noticed Boris
 41618 | Vaults:2 | Killed Boris
 42193 | Vaults:2 | Found a staircase to the Crypt.
 42193 | Vaults:2 | Found a basalt altar of Yredelemnul.
 42194 | Vaults:2 | Found an ancient bone altar of Kikubaaqudgha.
 42231 | Vaults:2 | Noticed Frederick
 42235 | Vaults:2 | Killed Frederick
 42796 | Vaults:3 | Noticed Boris
 42830 | Vaults:2 | Killed Boris
 43117 | Vaults:3 | Received a gift from Trog
 43241 | Vaults:3 | Noticed Xtahua
 43248 | Vaults:3 | Killed Xtahua
 43387 | Vaults:3 | Reached skill level 10 in Armour
 43626 | Vaults:3 | Found a hide-covered altar of Uskayaw.
 44187 | Vaults:3 | Noticed Sojobo
 44210 | Vaults:3 | Killed Sojobo
 44210 | Vaults:3 | Reached XP level 21. HP: 33/144 MP: 4/21
 44603 | Vaults:4 | Received a gift from Trog
 45063 | Vaults:4 | Found Bupeenu's General Store.
 45071 | Vaults:4 | Bought 22 arrows for 96 gold pieces
 45998 | Depths:1 | Received a gift from Trog
 46375 | Depths:1 | Found a runed door.
 46518 | Depths:1 | Received a gift from Trog
 46787 | Depths:1 | Received a gift from Trog
 47067 | Depths:1 | Found a one-way gate to the infinite horrors of the Abyss.
 47111 | Depths:1 | Received a gift from Trog
 47320 | Depths:1 | Found a gateway to Hell.
 47388 | Depths:1 | Noticed a juggernaut
 47403 | Depths:1 | Killed a juggernaut
 47851 | Depths:2 | Received a gift from Trog
 47933 | Depths:2 | Noticed a juggernaut
 47949 | Depths:2 | Killed a juggernaut
 47949 | Depths:2 | Reached XP level 22. HP: 78/155 MP: 10/22
 47965 | Depths:2 | Received a gift from Trog
 48595 | Depths:2 | Got an iridescent scimitar
 48749 | Depths:2 | Found a gateway to a ziggurat.
 49123 | Depths:3 | Received a gift from Trog
 49150 | Depths:2 | Reached skill level 15 in Armour
 49577 | Depths:3 | Found Qoedd's Magic Scroll Shoppe.
 49589 | Depths:3 | Bought a scroll of acquirement for 884 gold pieces
 49589 | Depths:3 | Bought a scroll of identify for 34 gold pieces
 49589 | Depths:3 | Bought a scroll of identify for 34 gold pieces
 49589 | Depths:3 | Bought a scroll of identify for 34 gold pieces
 49589 | Depths:3 | Bought a scroll of teleportation for 51 gold pieces
 49589 | Depths:3 | Bought a scroll of fear for 59 gold pieces
 49590 | Depths:3 | Got an ancient tin ring
 49591 | Depths:3 | Identified the ring of Vabbope {Fire rElec Int+4 Dex-2 SInv} (You acquired it on level 3 of the Depths)
 49593 | Depths:3 | Identified the cursed +0 scimitar "Dragonslayer" {flame, +Fly Stlth+} (You found it on level 2 of the Depths)
 49833 | Depths:3 | Found Pabbe's Antique Armour Shop.
 49836 | Depths:3 | Bought a warped chain mail for 437 gold pieces
 49836 | Depths:3 | Bought a glowing helmet for 345 gold pieces
 49854 | Depths:3 | Found a one-way gate leading to the halls of Pandemonium.
 50174 | Depths:3 | Found Durob's Gadget Boutique.
 50297 | Depths:3 | Noticed a golden dragon
 50303 | Depths:3 | Killed a golden dragon
 50438 | Depths:3 | Received a gift from Trog
 50471 | Depths:3 | Noticed a caustic shrike
 50474 | Depths:3 | Killed a caustic shrike
 50489 | Depths:3 | Noticed a caustic shrike
 50494 | Depths:3 | Killed a caustic shrike
 50537 | Depths:3 | Reached XP level 23. HP: 135/163 MP: 21/23
 51232 | Depths:3 | Noticed a golden dragon
 51239 | Depths:3 | Killed a golden dragon
 51416 | Depths:3 | Received a gift from Trog
 51643 | Depths:3 | Received a gift from Trog
 51654 | Depths:3 | Noticed a caustic shrike
 51660 | Depths:3 | Killed a caustic shrike
 51921 | Depths:3 | Received a gift from Trog
 52245 | Depths:4 | Received a gift from Trog
 52311 | Depths:4 | Found a corrupted altar of Lugonu.
 52341 | Depths:4 | Noticed a golden dragon
 52369 | Depths:4 | Killed a golden dragon
 52695 | Lair:1   | Identified the +8 chain mail of the Equator {-Tele MR+++ Regen+ SInv} (You bought it in a shop on level 3 of the Depths)
 52832 | Elf:1    | Entered Level 1 of the Elven Halls
 53004 | Elf:1    | Noticed Donald
 53034 | Elf:1    | Killed Donald
 53585 | Elf:1    | Received a gift from Trog
 53816 | Elf:1    | Received a gift from Trog
 54369 | Elf:1    | Found Dison's Gadget Emporium.
 54496 | Elf:1    | Found an ancient bone altar of Kikubaaqudgha.
 54517 | Elf:1    | Received a gift from Trog
 54803 | Elf:2    | Reached XP level 24. HP: 156/172 MP: 22/23
 54857 | Elf:2    | Received a gift from Trog
 54891 | Elf:2    | Found a runed door.
 55315 | Elf:2    | Found a runed door.
 55434 | Elf:2    | Received a gift from Trog
 55736 | Elf:2    | Received a gift from Trog
 55966 | Elf:3    | Entered Level 3 of the Elven Halls
 56397 | Elf:3    | Found an ancient bone altar of Kikubaaqudgha.
 56632 | Elf:3    | Received a gift from Trog
 57104 | Elf:3    | Got a smoking battleaxe {pain}
 57270 | Elf:3    | Got a faintly glowing scimitar {venom}
 57419 | Elf:3    | Got a faintly humming helmet
 57420 | Elf:3    | Identified the Incunabulum of the Peculiar Cities
 57432 | Elf:3    | Identified Xaqegoy's Almanac of the Frostbite and Aid
 57435 | Elf:3    | Got a pair of crude boots
 57446 | Elf:3    | Identified the +0 helmet of the Crypt {rF+ Regen+ SInv} (You found it on level 3 of the Elven Halls)
 57471 | Elf:3    | Identified the +1 pair of boots of Gravitas {+Blink} (You found it on level 3 of the Elven Halls)
 57895 | Depths:3 | Received a gift from Trog
 58562 | Depths:4 | Found the +7 captain's cutlass {speed, disarm}
 58587 | Depths:4 | Noticed a juggernaut
 58592 | Depths:4 | Killed a juggernaut
 58871 | Depths:4 | Noticed Jorgrun
 58876 | Depths:4 | Killed Jorgrun
 58978 | Depths:4 | Reached XP level 25. HP: 180/180 MP: 5/23
 59139 | Depths:4 | Found a deep blue altar of Sif Muna.
 59351 | Depths:5 | Entered Level 5 of the Depths
 59364 | Depths:5 | Received a gift from Trog
 59526 | Depths:5 | Found a gate to the Realm of Zot.
 59681 | Depths:5 | Found a magical portal.
 59699 | Depths:5 | Received a gift from Trog
 59731 | Depths:5 | Noticed a juggernaut
 59743 | Depths:5 | Killed a juggernaut
 59748 | WizLab   | Entered The Roulette of Golubria
 59748 | WizLab   | Found a transporter.
 59753 | WizLab   | Found a corrupted altar of Lugonu.
 59781 | WizLab   | Found a transporter.
 59842 | WizLab   | Found a transporter.
 59893 | WizLab   | Found a transporter.
 59893 | WizLab   | Found a transporter.
 59962 | WizLab   | Found a transporter.
 59989 | WizLab   | Found a transporter.
 60024 | WizLab   | Found a transporter.
 60052 | WizLab   | Found a transporter.
 60062 | WizLab   | Found a corrupted altar of Lugonu.
 60089 | WizLab   | Found a transporter.
 60093 | WizLab   | Found a corrupted altar of Lugonu.
 60212 | WizLab   | Found a transporter.
 60212 | WizLab   | Found a transporter.
 60305 | WizLab   | Found a transporter.
 60305 | WizLab   | Found a transporter.
 60476 | WizLab   | Found a transporter.
 60504 | WizLab   | Identified the Almanac of Intuition
 60511 | WizLab   | Found a transporter.
 60511 | WizLab   | Found a transporter.
 60569 | WizLab   | Found a transporter.
 60569 | WizLab   | Found a transporter.
 60635 | WizLab   | Got a scorched cloak
 60637 | WizLab   | Got a distressingly furry cloak
 60643 | WizLab   | Got a distressingly furry cloak
 60644 | WizLab   | Found a transporter.
 60647 | WizLab   | Got a dazzling cloak
 60701 | Depths:5 | Identified the +1 cloak of Complete Protection {-Tele rPois rCorr MP+9} (You found it in a wizard's laboratory)
 60703 | Depths:5 | Identified the -3 cloak "Fejodezufe" {rF- rCorr Dex+6} (You found it in a wizard's laboratory)
 60957 | Depths:5 | Received a gift from Trog
 61473 | Depths:5 | Received a gift from Trog
 61675 | Depths:5 | Identified the +3 cloak of Disappointment {-Cast *Corrode Str+5 Dex+8} (You found it in a wizard's laboratory)
 61775 | Depths:5 | Noticed a juggernaut
 61787 | Depths:5 | Killed a juggernaut
 61787 | Depths:5 | Reached XP level 26. HP: 174/190 MP: 21/23
 62654 | Vaults:5 | Entered Level 5 of the Vaults
 62994 | Vaults:5 | Received a gift from Trog
 63002 | Vaults:5 | Got a slimy shortbow {god gift}
 63429 | Vaults:5 | Identified a +2 pair of boots of running (You found it on level 5 of the Vaults)
 63450 | Vaults:5 | Identified the cursed +0 cloak of Courage {-Cast rF+ Str+4} (You found it in a wizard's laboratory)
 63651 | Vaults:5 | Received a gift from Trog
 63688 | Vaults:5 | Noticed an ancient lich
 63710 | Vaults:5 | Killed an ancient lich
 63710 | Vaults:5 | Received a gift from Trog
 63760 | Vaults:5 | Identified the Almanac of Mutagenic Ignition
 63793 | Vaults:5 | Reached skill level 27 in Fighting
 63901 | Vaults:5 | Got a faintly glowing broad axe {chop}
 63982 | Vaults:5 | Noticed an ancient lich
 63996 | Vaults:5 | Killed an ancient lich
 64292 | Vaults:5 | Received a gift from Trog
 64396 | Vaults:5 | Reached XP level 27. HP: 199/199 MP: 23/23
 64415 | Vaults:5 | Noticed p0werm0de's ghost (adept OpGl)
 64442 | Vaults:5 | Killed p0werm0de's ghost
 64537 | Vaults:5 | Got a warped lajatang
 64541 | Vaults:5 | Identified the +6 lajatang "Arcanum" {freeze, -Tele Str+2 Int+2 Dex+4} (You found it on level 5 of the Vaults)
 64544 | Vaults:5 | Identified the +8 broad axe of Diasu {chop, *Slow MP+9 Int+3 SInv Stlth+} (You took it off a tengu reaver on level 5 of the Vaults)
 64574 | Vaults:5 | Received a gift from Trog
 64965 | Vaults:5 | Got a blackened rapier
 65302 | Vaults:5 | Got a silver rune of Zot
 65761 | Slime:1  | Entered Level 1 of the Pits of Slime
 65775 | Slime:1  | Received a gift from Trog
 65866 | Slime:3  | Received a gift from Trog
 65933 | Slime:3  | Gained mutation: You are weak. (Str -2) [a shining eye]
 65950 | Slime:5  | Entered Level 5 of the Pits of Slime
 66091 | Slime:5  | Received a gift from Trog
 66353 | Slime:5  | Found a viscous altar of Jiyva.
 66354 | Slime:5  | Noticed the Royal Jelly
 66375 | Slime:5  | HP: 14/298 [acid blob[the Royal Jelly] (23)]
 66375 | Slime:5  | HP: 6/298 [acid (5)]
 66376 | Slime:5  | HP: 1/298 [acid[the Royal Jelly] (4)]
 66376 | Slime:5  | Slain by a death ooze

Vault maps used:
D:1:      lightli_arrival_maybe_door_vault
D:2:      lemuel_doored_altar, gammafunk_temple_overflow_elements
D:3:      nicolae_qazlal_general_emergency, uniq_natasha, uniq_robin
D:5:      lemuel_coloured_pillars_altar, first_ration
D:6:      minivault_4
D:7:      kb_forest_paths, kennysheep_mini_moat,
          minmay_temple_entry_statues_fountains, serial_shops,
          nicolae_shop_statue_plus
D:8:      minmay_lair_entry_grove
D:9:      uniq_gastronok
D:10:     argonaut_augean_stables, erik_orc_1, uniq_joseph
D:11:     serial_shops, nicolae_shop_trees, the_bakery
D:12:     uniq_nergalle
D:13:     serial_undead, serial_undead_d, serial_undead_f, serial_undead_c,
          serial_undead_d, nicolae_trove_entry_free_sample
D:14:     minmay_swirls_squares, david_vaults_5, uniq_sonja, uniq_josephine
D:15:     hangedman_depths_entry_civil_slaughter, minmay_crystal_room,
          uniq_roxanne, uniq_rupert
Lair:1:   portal_ice_cave_entry_ice_beasts
Lair:3:   minmay_snake_entry_six_corridors
Lair:4:   shoals_dummy_entry, beast_lair_carwin_2
Lair:5:   zaba_anthell
Lair:6:   hangedman_lair_caniforms_friends, wormcave,
          dpeg_slime_entry_enclosed_altar, st_stairs_10, minivault_11,
          infiniplex_staircase_pool
Shoals:1: nicolae_shoals_arrival_archipelago, uniq_frances
Shoals:2: serial_shops, nicolae_shop_stone, lightli_airlock
Shoals:3: uniq_mara
Shoals:4: shoals_end_hangedman, shoals_ilsuiw_alternative,
          nicolae_shoals_wave_tunnel, uniq_bai_suzhen
Snake:2:  grunt_ministairs_6, nicolae_snake_horde_hoard, grunt_megastairs_2
Snake:3:  grunt_ministairs_13, serial_bayou_pond_e, grunt_megastairs_1,
          minmay_shop_grove, uniq_aizul, uniq_agnes
Snake:4:  grunt_snake_rune_serpentine_throne, guppyfry_snake_island
Slime:1:  nicolae_slime_barrier
Orc:1:    mines3_lemuel
Orc:2:    grunt_orc_tribal_feast
Elf:1:    eino_elf_arrival_the_gate, serial_shops, nicolae_shop_crystal,
          basic_altar, hangedman_elven_crosses_minicolossus,
          serial_sigils_hangedman_stare, uniq_donald
Elf:3:    grunt_elf_hall_asides, basic_altar, grunt_megastairs_3
Vaults:1: v_misc_13, v_misc_8, grunt_vaults_swirl, nicolae_vaults_c_with_doors,
          hangedman_vaults_trim, vaults_room_boxed,
          nicolae_vaults_stairing_the_circle, serial_ice_m, vaults_mumra_lcd
Vaults:2: nicolae_vaults_big_angled_halls, minmay_crypt_entry_necro_gods,
          v_pattern_1, hangedman_vaults_unwind, nicolae_vaults_rhombus_6,
          v_alt_pattern_4, ontoclasm_vaults_ring_large, vaults_room_semicircle,
          ontoclasm_vaults_pinch, vaults_dpeg_hooks, nicolae_vaults_theta,
          dpeg_vaults_monster_box, vaults_dpeg_diagonal,
          vaults_dpeg_encased_lava, ontoclasm_vaults_decontamination,
          uniq_boris, uniq_frederick
Vaults:3: vaults_standard_mumra_lines, hangedman_vaults_slither,
          hangedman_vaults_maws, v_misc_18, grunt_vaults_diagonal,
          ontoclasm_vaults_shuriken, v_misc_9, vaults_room_hallway,
          serial_ice_h, basic_altar, uniq_sojobo, uniq_boris, uniq_xtahua
Vaults:4: nicolae_vaults_three_branches, vaults_mumra_minichess_inversion,
          ontoclasm_vaults_ligature, hangedman_vaults_corner_blocks,
          hangedman_vaults_stagger, nicolae_vaults_what_the_h,
          vaults_room_fancy_cross, hangedman_vaults_capsules,
          vaults_room_stairs_pillars, v_rooms_2, ontoclasm_vaults_twist,
          serial_shops, shop
Vaults:5: serial_shops
Depths:1: abyss_entry, minmay_door_square, hell_entry, wad_hexagon
Depths:2: minmay_the_grid_triangle_9x9_rhombus_thin_mashed, enter_ziggurat_d,
          interstate_on_off, hellmouth_1, serial_bayou_shore_b
Depths:3: hangedman_box_tower, serial_shops, nicolae_shop_behind_doors,
          nicolae_shop_crystal, shop, hangedman_coc_ice_floe,
          hangedman_abyss_or_decor_slice, pan_entry
Depths:4: minmay_crystal_thing, abyss_entry_flame_altar,
          grunt_hell_entry_dis_mu, infiniplex_staircase_spiral_double,
          grunt_ministairs_9, minmay_evil_grid, serial_bayou_shore_b,
          uniq_jorgrun
Depths:5: grunt_crosshair, hangedman_geh_valley,
          infiniplex_enter_wizlab_glasses, hex_intersection, serial_bayou_ford_a
IceCv:    ice_cave_small_demon
WizLab:   wizlab_golubria

Skill      XL: |  1  2  3  4  5  6  7  8  9 10 11 12 13 14 15 16 17 18 19 20 21 22 23 24 25 26 27 |
---------------+----------------------------------------------------------------------------------+-----
Fighting       | 4 5 6 7 8 10 11 13 14 16 17 19 21 22 23 24 26 27 | 27.0
Bows           | 2 6 9 11 13 16 18 20 22 24 25 27 | 27.0
Armour         | 5 10 14 16 18 20 22 24 25 | 25.5
Long Blades    | |  2.6
Dodging        | |  1.5

Action                   |  1- 3 |  4- 6 |  7- 9 | 10-12 | 13-15 | 16-18 | 19-21 | 22-24 | 25-27 || total
-------------------------+-------+-------+-------+-------+-------+-------+-------+-------+-------++-------
Melee: Falchion          |   125 |   273 |   131 |       |       |       |       |       |       ||   529
       Hand axe          |       |       |   162 |   288 |   505 |    19 |       |    38 |       ||  1012
       Shortbow          |       |       |       |       |     1 |     3 |       |       |       ||     4
 Fire: Shortbow          |       |       |       |   396 |  1339 |   323 |       |       |       ||  2058
       Longbow           |       |       |       |       |       |   964 |  1416 |  1346 |  1260 ||  4986
Invok: Berserk           |     1 |     2 |     6 |     3 |     6 |       |       |     2 |       ||    20
       Trog's Hand       |       |       |       |     1 |     2 |     1 |     5 |     1 |     6 ||    16
       Brothers in Arms  |       |       |       |       |       |     2 |     6 |     2 |     2 ||    12
 Abil: Fly               |       |       |       |       |       |     1 |       |     2 |     3 ||     6
       Stop Flying       |       |       |       |       |       |       |     1 |     2 |     4 ||     7
  Use: Scroll            |       |       |     6 |     2 |    26 |    13 |    13 |    17 |    15 ||    92
       Potion            |       |       |       |       |     2 |       |       |       |     5 ||     7
  Eat: Chunk             |     2 |     9 |    17 |    17 |    33 |    24 |    33 |    35 |    17 ||   187
       Ration            |       |       |       |     1 |     3 |     2 |     3 |       |     2 ||    11
Armor: Animal skin       |    18 |       |       |       |       |       |       |       |       ||    18
       Leather armour    |    14 |       |       |       |       |       |       |       |       ||    14
       Ring mail         |     7 |    12 |       |       |       |       |       |       |       ||    19
       Chain mail        |       |   182 |   187 |     2 |  1027 |   279 |   432 |   191 |       ||  2300
       Skin              |       |    21 |       |       |       |       |       |       |    32 ||    53
       Plate armour      |       |       |    14 |   388 |       |       |       |       |       ||   402
       Gold dragon scale |       |       |       |       |       |       |       |   308 |   694 ||  1002
Dodge: Dodged            |   101 |   136 |   128 |   136 |   498 |    90 |   152 |   194 |   183 ||  1618
Block: Other             |       |       |    19 |    62 |   174 |    20 |       |       |       ||   275
       Reflection        |       |       |       |     3 |     4 |     2 |       |       |       ||     9
       Rpst.: Falchion   |    32 |    46 |    14 |       |       |       |       |       |       ||    92

Table legend:
 A = Spawn XP
 B = Non-spawn XP
 C = Spawn XP percentage of total XP
 D = Spawn monster count
 E = Non-spawn monster count
 F = Spawn count percentage of total count
 G = Total turns spent on level
                    A         B        C        D         E        F      G
               +---------+---------+-------+---------+---------+-------+---------
         Total |       0 | 1334814 |   0.0 |       0 |    2202 |   0.0 | 66376
               +---------+---------+-------+---------+---------+-------+---------
           D:1 |       0 |      44 |   0.0 |       0 |      29 |   0.0 |   545
           D:2 |       0 |      50 |   0.0 |       0 |      15 |   0.0 |   889
           D:3 |       0 |     225 |   0.0 |       0 |      38 |   0.0 |   918
           D:4 |       0 |     249 |   0.0 |       0 |       9 |   0.0 |   810
           D:5 |       0 |     518 |   0.0 |       0 |      15 |   0.0 |   932
           D:6 |       0 |     464 |   0.0 |       0 |      18 |   0.0 |  1058
           D:7 |       0 |    1543 |   0.0 |       0 |      25 |   0.0 |  1528
           D:8 |       0 |    3816 |   0.0 |       0 |      34 |   0.0 |  1157
           D:9 |       0 |    5817 |   0.0 |       0 |      25 |   0.0 |  1648
          D:10 |       0 |    8621 |   0.0 |       0 |      55 |   0.0 |  2019
          D:11 |       0 |    5067 |   0.0 |       0 |      24 |   0.0 |  1337
          D:12 |       0 |    5239 |   0.0 |       0 |      24 |   0.0 |  1238
          D:13 |       0 |   17201 |   0.0 |       0 |      60 |   0.0 |  1919
          D:14 |       0 |   19779 |   0.0 |       0 |      52 |   0.0 |  1904
          D:15 |       0 |   22138 |   0.0 |       0 |      33 |   0.0 |  1815
        Lair:1 |       0 |    9242 |   0.0 |       0 |      60 |   0.0 |  1314
        Lair:2 |       0 |    3836 |   0.0 |       0 |      17 |   0.0 |  1330
        Lair:3 |       0 |    5524 |   0.0 |       0 |      35 |   0.0 |  1313
        Lair:4 |       0 |    6286 |   0.0 |       0 |      27 |   0.0 |  1397
        Lair:5 |       0 |    9378 |   0.0 |       0 |      52 |   0.0 |  1127
        Lair:6 |       0 |   25211 |   0.0 |       0 |     108 |   0.0 |  1962
      Shoals:1 |       0 |   11884 |   0.0 |       0 |      20 |   0.0 |   927
      Shoals:2 |       0 |   24236 |   0.0 |       0 |      42 |   0.0 |  1144
      Shoals:3 |       0 |   24694 |   0.0 |       0 |      36 |   0.0 |  1475
      Shoals:4 |       0 |   44927 |   0.0 |       0 |      82 |   0.0 |  2289
       Snake:1 |       0 |   17687 |   0.0 |       0 |      33 |   0.0 |   786
       Snake:2 |       0 |   33545 |   0.0 |       0 |      70 |   0.0 |  1334
       Snake:3 |       0 |   13230 |   0.0 |       0 |      23 |   0.0 |   969
       Snake:4 |       0 |   63686 |   0.0 |       0 |      97 |   0.0 |  1964
       Slime:1 |       0 |    3354 |   0.0 |       0 |       6 |   0.0 |    40
       Slime:2 |       0 |    4791 |   0.0 |       0 |      12 |   0.0 |    57
       Slime:3 |       0 |    4189 |   0.0 |       0 |      13 |   0.0 |    82
       Slime:4 |       0 |     697 |   0.0 |       0 |       2 |   0.0 |    10
       Slime:5 |       0 |   28528 |   0.0 |       0 |      34 |   0.0 |   426
         Orc:1 |       0 |    1984 |   0.0 |       0 |      23 |   0.0 |   591
         Orc:2 |       0 |    9057 |   0.0 |       0 |      46 |   0.0 |  1244
         Elf:1 |       0 |   43209 |   0.0 |       0 |      71 |   0.0 |  1594
         Elf:2 |       0 |   39182 |   0.0 |       0 |      56 |   0.0 |  1225
         Elf:3 |       0 |   59611 |   0.0 |       0 |      55 |   0.0 |  1621
      Vaults:1 |       0 |   27293 |   0.0 |       0 |      47 |   0.0 |  1301
      Vaults:2 |       0 |   31935 |   0.0 |       0 |      28 |   0.0 |  1411
      Vaults:3 |       0 |   36255 |   0.0 |       0 |      55 |   0.0 |  1839
      Vaults:4 |       0 |   63376 |   0.0 |       0 |      81 |   0.0 |  1759
      Vaults:5 |       0 |  150907 |   0.0 |       0 |      98 |   0.0 |  2221
      Depths:1 |       0 |   49081 |   0.0 |       0 |      54 |   0.0 |  2033
      Depths:2 |       0 |   56266 |   0.0 |       0 |      54 |   0.0 |  1882
      Depths:3 |       0 |  142055 |   0.0 |       0 |     118 |   0.0 |  2824
      Depths:4 |       0 |   51234 |   0.0 |       0 |      41 |   0.0 |  1609
      Depths:5 |       0 |  122956 |   0.0 |       0 |      90 |   0.0 |  1773
         IceCv |       0 |    2374 |   0.0 |       0 |      19 |   0.0 |   835
        WizLab |       0 |   22343 |   0.0 |       0 |      41 |   0.0 |   951
               +---------+---------+-------+---------+---------+-------+---------
